 Dungeon Crawl Stone Soup version 0.22-a0-512-g0943f25 (webtiles) character file.

9858 Amnesiac the Pandemonic (level 11, -18/94 (95) HPs)
             Began as a Hill Orc Monk on June 18, 2018.
             Was a High Priest of Makhleb.
             Killed themself with a badly aimed orb of electricity (27 damage)
             ... on level 1 of the Orcish Mines.
             The game lasted 00:27:52 (13512 turns).

Amnesiac the Pandemonic (Hill Orc Monk)            Turns: 13512, Time: 00:27:52

HP:   -18/94 (95)   AC: 18    Str: 18    XL:     11   Next: 53%
MP:   22/22         EV:  4    Int: 10    God:    Makhleb [*****.]
Gold: 27            SH: 13    Dex: 13    Spells: 10/10 levels left

rFire    + . .     SeeInvis .   x - +1 dagger (venom)
rCold    . . .     Gourm    .   a - +0 large shield
rNeg     . . .     Faith    .   G - +0 plate armour
rPois    .         Spirit   .   r - +0 helmet
rElec    .         Reflect  .   H - +1 cloak
rCorr    .         Harm     .   (no gloves)
MR       .....                  I - +0 pair of boots {Stlth+}
Stlth    ..........             (no amulet)
HPRegen  0.25/turn              A - ring of protection from fire
MPRegen  0.18/turn              (no ring)

@: no status effects
A: no striking features
a: Minor Destruction, Lesser Servant of Makhleb, Major Destruction, Greater
Servant of Makhleb, Renounce Religion


You were on level 1 of the Orcish Mines.
You worshipped Makhleb.
Makhleb was extremely pleased with you.
You were not hungry.

You visited 3 branches of the dungeon, and saw 12 of its levels.

You collected 493 gold pieces.
You spent 466 gold pieces at shops.

Inventory:

Hand Weapons
 x - a +1 dagger of venom (weapon)
 y - a +2 dagger of protection
Armour
 a - a +0 large shield (worn)
 r - a +0 helmet (worn)
 D - +0 steam dragon scales
 G - a +0 plate armour (worn)
 H - a +1 cloak (worn)
 I - a +0 pair of boots of stealth (worn)
Jewellery
 A - a ring of protection from fire (left hand)
Wands
 f - a wand of flame (29)
 v - a wand of polymorph (6)
 w - a wand of random effects (5)
 C - a wand of iceblast (6)
 E - a wand of digging (19)
Scrolls
 b - 5 scrolls of teleportation {!r}
 e - 2 scrolls of blinking {!r, unknown}
 g - 3 scrolls of fear {!r, unknown}
 h - 3 scrolls of fog {!r, unknown}
 i - 3 scrolls of acquirement {!r, unknown}
 j - 2 scrolls of magic mapping {!r, unknown}
 l - 5 scrolls of remove curse {!r}
 n - 3 scrolls of enchant weapon {!r, unknown}
 p - 2 scrolls of holy word {!r, unknown}
 q - 2 scrolls of immolation {!r, unknown}
 s - 3 scrolls of amnesia {!r, unknown}
 t - 2 scrolls of enchant armour {!r}
 u - a scroll of identify {!r}
Potions
 d - 4 potions of heal wounds {!q, unknown}
 k - 2 potions of haste {!q}
 m - 3 potions of flight {!q}
 o - 2 potions of agility {!q, unknown}
 z - 2 potions of curing {!q, unknown}
 B - a potion of cancellation {!q, unknown}
 F - a potion of magic {!q, unknown}
Comestibles
 c - 12 rations


   Skills:
 - Level 8.8 Fighting
   Level 4.0 Axes
 - Level 8.3 Armour
 - Level 6.0 Dodging
 - Level 1.5 Stealth
 + Level 2.5 Shields
 * Level 15.6 Invocations


You had 10 spell levels left.
You didn't know any spells.
Your spell library contained the following spells:

 Spells                   Type           Power        Failure   Level  Hunger
 Cause Fear               Hex            #.........   100%        4    #####..
 Animate Dead             Necr           N/A          100%        4    #####..
 Pain                     Necr           #...         100%        1    ##.....
 Animate Skeleton         Necr           N/A          100%        1    ##.....
 Vampiric Draining        Necr           #.........   100%        3    ####...
 Regeneration             Chrm/Necr      #.........   100%        3    ####...
 Spider Form              Tmut/Pois      #.........   100%        3    ####...
 Blade Hands              Tmut           #.........   100%        5    ######.
 Ice Form                 Ice/Tmut       #.......     100%        4    #####..
 Deflect Missiles         Chrm/Air       #.........   100%        6    #######
 Sticks to Snakes         Tmut           #.......     100%        2    ###....
 Silence                  Hex/Air        #.........   100%        5    ######.
 Beastly Appendage        Tmut           #.....       100%        1    ##.....
 Discord                  Hex            #.........   100%        8    #######
 Yara's Violent Unravell  Hex/Tmut       #.........   100%        5    ######.


Dungeon Overview and Level Annotations

Branches:
Dungeon (10/15)            Temple (1/1) D:7            Lair (0/6) D:8
    Orc (1/2) D:10

Altars:
Ashenzari
Cheibriados
Dithmenos
Elyvilon
Fedhas
Gozag
Hepliaklqana
Kikubaaqudgha
Makhleb
Nemelex Xobeh
Okawaru
Qazlal
Ru
Sif Muna
Trog
Uskayaw
Vehumet
Wu Jian
Xom
Yredelemnul
Zin
The Shining One
Lugonu

Shops:
D:4 (   D:6 ?   D:10 [


Message History

The tomahawk of returning closely misses your cacodemon.
The tomahawk of returning hits the orc priest but does no damage.
The weapon returns to the goblin!
Your cacodemon gestures at the goblin.
The bolt of energy hits the goblin.
The goblin is blown up!
Makhleb accepts your kill.
Okay, then.
Really read
b - 6 scrolls of teleportation {!r}?
As you read the scroll of teleportation {!r}, it crumbles to dust.
You feel strangely unstable.
The orc priest mumbles some strange prayers to Beogh against you.
Beogh smites you!
* * * LOW HITPOINT WARNING * * *
The orc priest casts a cantrip, but nothing happens.
You block the orc warrior's attack.
Your surroundings seem slightly different.
You block the goblin's attack.
Your cacodemon gestures at the ettin.
The ettin twists and deforms.
Your cacodemon gestures at the ettin.
The bolt of energy hits the goblin.
The goblin is blown up!
Makhleb accepts your kill.
The bolt of energy hits the ettin.
The bolt of energy hits the orc priest.
The orc priest is blown up!
Makhleb accepts your kill.
You can now summon a greater servant of Makhleb.
The goblin throws a tomahawk of returning.
You block the tomahawk of returning.
The ettin hits your cacodemon with a dire flail of crushing.
The ettin hits your cacodemon with a dire flail!
The ettin dies!
Makhleb accepts your kill.
Press: ? - help, Shift-Dir - straight line, f - goblin
Aim: a goblin The goblin writhes in agony!
Your cacodemon gestures at the rock wall.
You hear a grinding noise.
Unknown command.
Press: ? - help, Shift-Dir - straight line, f/p - goblin
Aim: a goblin (moderately wounded)
The zap misses the goblin.
The zap hits the orc warrior.
The orc warrior is lightly wounded.
The troll bites your cacodemon! The troll barely misses your cacodemon.
The troll claws your cacodemon.
Unknown command.
You don't know any spells.
There isn't anything here!
Unknown command.
Press: ? - help, Shift-Dir - straight line, f - orc priest, p - goblin
Aim: an orc priest, wielding a short sword and wearing a ring mail The orb of electricity explodes!
The orb of electricity engulfs the orc priest.
You kill the orc priest!
Makhleb accepts your kill.
The orb of electricity engulfs the orc warrior.
You kill the orc warrior!
Makhleb accepts your kill.
The orb of electricity engulfs the goblin.
You kill the goblin!
Makhleb accepts your kill. The orb of electricity engulfs you!
You die...

####.##
####.#...#
##.#....2(###
#...#.oT)...##
##...T.%..)(.#
#....#.##...#
#....##....%##
#....)).......#
##.....(@<>#.#%.#
#.##...#.$.##...#
##..##.## ..
##.###[. . ###
.[.. ..$## #...#
..... ....


You could see a troll and an orc.

Vanquished Creatures
  Pikel (D:8)
  An orc knight (D:10)
  An orc sorcerer (Orc:1)
  Psyche (D:9)
  Joseph (D:9)
  2 trolls (D:9)
  2 hippogriffs
  5 yaks (D:10)
  A steam dragon (D:8)
  2 hell hounds
  10 soldier ants (D:10)
  5 sky beasts
  4 orc warriors
  2 black bears (D:8)
  2 slaves (D:8)
  3 ice beasts
  A necrophage (D:7)
  6 ogres
  A phantom (D:10)
  4 centaurs
  7 bullfrogs
  A wyvern zombie (D:9)
  A wyvern skeleton (D:9)
  A scorpion (D:8)
  4 killer bees (D:10)
  A howler monkey (D:4)
  5 crimson imps
  A bullfrog zombie (D:9)
  A centaur skeleton (D:9)
  A centaur zombie (D:6)
  2 jellies
  5 orc priests
  3 hounds
  A gnoll shaman (D:9)
  Jessica (D:3)
  An iguana (D:8)
  3 orc wizards
  4 worker ants
  A killer bee zombie (D:5)
  A worker ant zombie (D:6)
  8 adders
  14 gnolls
  4 shadow imps
  9 oozes
  An adder skeleton (D:8)
  An adder zombie (D:7)
  7 worms
  4 dart slugs
  5 leopard geckos
  30 orcs
  2 ball pythons
  7 bats
  12 giant cockroaches
  10 goblins
  7 hobgoblins
  17 jackals
  5 quokkas
  8 frilled lizards
  17 kobolds
  A leopard gecko skeleton (D:9)
  2 quokka skeletons
  A quokka zombie (D:10)
  9 rats
281 creatures vanquished.

Vanquished Creatures (collateral kills)
  An ettin (Orc:1)
  An orc warrior (Orc:1)
  An ogre (Orc:1)
  An orc priest (Orc:1)
  2 goblins (Orc:1)
6 creatures vanquished.

Vanquished Creatures (others)
  An orc wizard (D:7)
  A bullfrog zombie (D:8)
  An adder zombie (D:8)
  A giant cockroach (D:8)
4 creatures vanquished.

Grand Total: 291 creatures vanquished

Notes
Turn   | Place    | Note
-------+----------+-------------------------------------------
     0 | D:1      | Amnesiac the Hill Orc Monk began the quest for the Orb.
     0 | D:1      | Reached XP level 1. HP: 19/19 MP: 1/1
     1 | D:1      | Found a runed door.
     1 | D:1      | Noticed a jelly
    32 | D:3      | Reached skill level 1 in Armour
   180 | D:3      | Noticed Jessica
   235 | D:3      | Found a bloodstained altar of Trog.
   240 | D:2      | Reached XP level 2. HP: 23/26 MP: 2/2
   522 | D:2      | Found a white marble altar of Elyvilon.
   629 | D:2      | Reached XP level 3. HP: 24/31 MP: 3/3
  1268 | D:4      | Found a snail-covered altar of Cheibriados.
  1319 | D:4      | Reached XP level 4. HP: 18/40 MP: 4/4
  1658 | D:4      | Found a shattered altar of Ashenzari.
  1707 | D:4      | Found a radiant altar of Vehumet.
  1708 | D:4      | Found a hide-covered altar of Uskayaw.
  1805 | D:4      | Found Ohameoce's Weapon Emporium.
  2213 | D:5      | Entered Level 5 of the Dungeon
  2232 | D:5      | Reached XP level 5. HP: 32/47 MP: 5/5
  3136 | D:5      | Reached skill level 5 in Fighting
  3136 | D:5      | Reached XP level 6. HP: 41/56 MP: 6/6
  3798 | D:5      | Reached skill level 5 in Armour
  3808 | D:5      | Reached XP level 7. HP: 24/61 MP: 7/7
  4371 | D:6      | Found a stormy altar of Qazlal.
  4436 | D:6      | Found a sacrificial altar of Ru.
  4444 | D:6      | Found an iron altar of Okawaru.
  4444 | D:6      | Found Getangits's Magic Scroll Shop.
  4526 | D:6      | Found a sparkling altar of Nemelex Xobeh.
  4994 | D:6      | Reached XP level 8. HP: 35/71 MP: 8/8
  5602 | D:6      | Reached skill level 5 in Dodging
  5779 | D:6      | HP: 3/73 [gnoll/halberd (11)]
  6169 | D:7      | Found a blossoming altar of Fedhas.
  6838 | D:7      | Found a staircase to the Ecumenical Temple.
  6847 | Temple   | Entered the Ecumenical Temple
  7077 | D:8      | Found a staircase to the Lair.
  7269 | D:2      | Reached XP level 9. HP: 80/80 MP: 9/9
  7593 | D:2      | Found a burning altar of Makhleb.
  7593 | D:2      | Found a glowing silver altar of Zin.
  7594 | D:2      | Found a shadowy altar of Dithmenos.
  7601 | D:2      | Became a worshipper of Makhleb the Destroyer
  7601 | D:2      | Reached * piety under Makhleb
  7601 | D:2      | Reached ** piety under Makhleb
  8610 | D:1      | Reached *** piety under Makhleb
  8684 | D:3      | Killed Jessica
  8798 | D:3      | Found a sparkling altar of Nemelex Xobeh.
 10337 | D:8      | Reached skill level 2 in Invocations
 10462 | D:8      | Reached skill level 3 in Invocations
 10731 | D:8      | Reached skill level 4 in Invocations
 10736 | D:8      | Reached skill level 5 in Invocations
 10787 | D:8      | Found a deep blue altar of Sif Muna.
 10803 | D:8      | Reached skill level 6 in Invocations
 10815 | D:8      | Reached skill level 7 in Invocations
 10849 | D:8      | Reached **** piety under Makhleb
 11135 | D:8      | Found a shimmering altar of Xom.
 11212 | D:8      | Noticed Pikel
 11218 | D:8      | Killed Pikel
 11218 | D:8      | Reached skill level 9 in Invocations
 11218 | D:8      | Reached XP level 10. HP: 89/89 MP: 14/16
 11245 | D:8      | Found an ancient bone altar of Kikubaaqudgha.
 11444 | D:9      | Reached skill level 10 in Invocations
 11465 | D:9      | Found a deep blue altar of Sif Muna.
 11535 | D:9      | Found an ornate altar of the Wu Jian Council.
 11580 | D:9      | Noticed Psyche
 11588 | D:9      | Killed Psyche
 11619 | D:9      | Reached skill level 11 in Invocations
 11766 | D:9      | Noticed Joseph
 11784 | D:9      | Killed Joseph
 12032 | D:9      | Reached skill level 12 in Invocations
 12154 | D:10     | Entered Level 10 of the Dungeon
 12653 | D:10     | Found a staircase to the Orcish Mines.
 12671 | D:10     | Reached skill level 13 in Invocations
 12715 | D:10     | Reached XP level 11. HP: 66/94 MP: 21/21
 12727 | D:10     | Reached skill level 14 in Invocations
 12752 | D:10     | Reached ***** piety under Makhleb
 13196 | D:10     | Reached skill level 15 in Invocations
 13400 | D:10     | Found Ichochi's Armour Shop.
 13413 | D:10     | Bought a +0 helmet for 76 gold pieces
 13413 | D:10     | Bought a +1 cloak for 195 gold pieces
 13413 | D:10     | Bought a +0 pair of boots of stealth for 195 gold pieces
 13431 | Orc:1    | Entered Level 1 of the Orcish Mines
 13433 | Orc:1    | Noticed an orc knight
 13436 | Orc:1    | Noticed an orc sorcerer
 13444 | Orc:1    | Killed an orc sorcerer
 13444 | Orc:1    | Reached skill level 1 in Shields
 13449 | Orc:1    | Noticed an ettin
 13451 | D:10     | Killed an orc knight
 13509 | Orc:1    | Killed an ettin
 13512 | Orc:1    | Killed themself with a badly aimed orb of electricity

Vault maps used:
D:1:      dpeg_arrival_caged_fury, serial_glass, glass_columns_b,
          glass_columns_a, minmay_tetromino_i4
D:2:      elyvilon_altar_5, gammafunk_temple_overflow_claw, minmay_cupped
D:3:      mumra_celtic_spiral_tile, nicolae_overflow_hidden_temple,
          first_ration, serial_aquarium, aquarium_bridge_straight,
          aquarium_window_fake, aquarium_window_3, aquarium_view_2d,
          nemelex_spade_bored_becter, uniq_jessica
D:4:      kennysheep_slug_shrine, nicolae_overflow_crystal_walls,
          gammafunk_temple_overflow_statue, serial_shops, nicolae_shop_crystal
D:6:      kennysheep_mini_moat, overflow_temple_1_default,
          kennysheep_little_box, serial_shops, shop, lemuel_statue_altar
D:7:      fedhas_altar_1, lemuel_temple_firewalk_a, kennysheep_generic_room_9
D:8:      old_standard_altar, kiku_gazebo_pond_becter, minmay_lair_entry_lava,
          grunt_ogre_cave, kennysheep_another_room, xom_teletrap_fun, uniq_pikel
D:9:      overflow_temple_1_default, basic_altar, hangedman_decor_growths,
          hangedman_decor_slide_cut, st_stairs_3, uniq_psyche, uniq_joseph
D:10:     orc_david_3, minivault_29
Temple:   corrupted_temple
Orc:1:    basic_altar, enter_bailey_5

Skill      XL: |  1  2  3  4  5  6  7  8  9 10 11 |
---------------+----------------------------------+-----
Armour         | 1 2 3 4 5 6 7 8 |  8.3
Fighting       | 4 5 6 8 |  8.8
Dodging        | 3 4 5 6 |  6.0
Invocations    | 9 13 15 | 15.6
Shields        | 2 |  2.5
Axes           | |  4.0
Stealth        | |  1.5

Action                   |  1- 3 |  4- 6 |  7- 9 | 10-12 || total
-------------------------+-------+-------+-------+-------++-------
Melee: Hand axe          |   105 |   173 |   351 |       ||   629
       Dagger            |       |       |   478 |     6 ||   484
Invok: Minor Destruction |       |       |    77 |   261 ||   338
       Major Destruction |       |       |       |     3 ||     3
       Greater Servant o |       |       |       |     1 ||     1
Evoke: Wand              |       |     1 |    38 |       ||    39
  Use: Scroll            |       |       |     6 |     1 ||     7
  Eat: Chunk             |     1 |     4 |    16 |     7 ||    28
       Ration            |       |     1 |     3 |       ||     4
Armor: Robe              |     3 |       |       |       ||     3
       Ring mail         |    32 |    48 |       |       ||    80
       Chain mail        |       |    32 |   446 |    13 ||   491
       Plate armour      |       |       |       |    30 ||    30
Dodge: Dodged            |    70 |    55 |   169 |    14 ||   308
Block: Shield            |       |    49 |   124 |       ||   173
       Large shield      |       |       |   263 |    76 ||   339

Table legend:
 A = Spawn XP
 B = Non-spawn XP
 C = Spawn XP percentage of total XP
 D = Spawn monster count
 E = Non-spawn monster count
 F = Spawn count percentage of total count
 G = Total turns spent on level
                    A         B        C        D         E        F      G
               +---------+---------+-------+---------+---------+-------+---------
         Total |       0 |   14083 |   0.0 |       0 |     286 |   0.0 | 13512
               +---------+---------+-------+---------+---------+-------+---------
           D:1 |       0 |     149 |   0.0 |       0 |      45 |   0.0 |   874
           D:2 |       0 |     104 |   0.0 |       0 |      35 |   0.0 |  1299
           D:3 |       0 |     281 |   0.0 |       0 |      32 |   0.0 |  1585
           D:4 |       0 |      94 |   0.0 |       0 |      12 |   0.0 |  1541
           D:5 |       0 |     540 |   0.0 |       0 |      17 |   0.0 |  1651
           D:6 |       0 |    1064 |   0.0 |       0 |      26 |   0.0 |  2360
           D:7 |       0 |     879 |   0.0 |       0 |      20 |   0.0 |  1218
           D:8 |       0 |    2209 |   0.0 |       0 |      24 |   0.0 |  1379
           D:9 |       0 |    2347 |   0.0 |       0 |      21 |   0.0 |   593
          D:10 |       0 |    4788 |   0.0 |       0 |      40 |   0.0 |   916
         Orc:1 |       0 |    1628 |   0.0 |       0 |      14 |   0.0 |    42
               +---------+---------+-------+---------+---------+-------+---------
